Map: Galactic Process LE

Players

Elazer

  • Race: Zerg Zerg

Solar - Winner!

  • Race: Zerg Zerg

Event: 2016 WCS Global Finals

VOD

Have the link to the VOD?

Description

Time

  • Played on: Oct. 28, 2016, 2:32 p.m.
  • Length: 11:17

All games in this series

Show
View Real Time Build Order
Export as new Build Order

Elazer Zerg 

Build Orders: Hatch First 

Get SALT Encoding   

  12  0:00  Drone  
  13  0:12  Overlord  
  13  0:16  Drone  
  14  0:30  Drone x2  
  14  0:34  Drone  
  17  0:52  Hatchery  
  17  0:54  Drone  
  17  0:58  Drone  
  18  1:08  Extractor  
  17  1:12  Spawning Pool  
  17  1:16  Drone  
  17  1:19  Drone  
  18  1:28  Drone  
  19  1:38  Overlord  
  19  1:49  Drone  
  20  1:59  Queen  
  20  2:00  Drone  
  23  2:04  Zergling x2, Queen  
  23  2:08  Metabolic Boost  
  26  2:10  Drone  
  27  2:16  Drone  
  28  2:23  Drone  
  28  2:27  Drone  
  30  2:35  Hatchery  
  29  2:40  Zergling x2  
  30  2:46  Queen  
  30  2:50  Overlord  
  32  2:51  Zergling x2  
  33  2:59  Drone  
  34  3:06  Drone x2  
  34  3:12  Zergling x2  
  36  3:13  Zergling x8  
  36  3:15  Drone  
  41  3:24  Roach Warren  
  41  3:25  Overlord  
  40  3:28  Drone  
  40  3:29  Drone  
  40  3:30  Drone  
  43  3:38  Overlord  
  43  3:45  Drone x4  
  43  3:46  Drone  
  43  3:48  Drone, Extractor  
  48  3:53  Drone  
  50  3:56  Drone x3  
  50  3:59  Drone  
  54  4:04  Lair  
  54  4:10  Extractor  
  54  4:13  Drone x2, Extractor, Evolution Chamber  
  54  4:15  Drone x2  
  55  4:19  Overlord  
  55  4:20  Drone  
  55  4:21  Drone  
  55  4:22  Drone  
  58  4:25  Drone  
  58  4:26  Drone  
  58  4:30  Drone x3  
  63  4:34  Drone  
  63  4:35  Drone  
  63  4:36  Overlord  
  65  4:41  Drone x2  
  65  4:43  Drone  
  68  4:46  Zerg Missile Weapons Level 1  
  68  4:47  Drone  
  68  4:49  Drone x2  
  68  4:50  Drone  
  68  4:51  Drone  
  73  4:56  Drone  
  73  4:57  Drone, Extractor  
  73  4:58  Drone  
  73  4:59  Drone x2, Extractor  
  76  5:05  Drone, Spire  
  76  5:08  Overlord  
  76  5:10  Drone  
  76  5:11  Drone, Extractor  
  76  5:12  Drone  
  78  5:14  Drone x2  
  78  5:20  Drone  
  81  5:23  Overlord  
  83  5:28  Roach  
  83  5:29  Roach x3  
  83  5:32  Overlord, Unknown  
  89  5:35  Overlord  
  89  5:42  Roach x4  
  97  5:44  Overlord  
  97  5:48  Roach x2  
  97  5:49  Overseer  
  98  5:57  Roach, Overlord  
  97  5:58  Roach x3  
  105  6:05  Overlord  
  105  6:15  Hatchery  
  105  6:18  Mutalisk x7  
  116  6:26  Overlord  
  116  6:28  Mutalisk x2  
  119  6:34  Mutalisk, Overlord  
  119  6:36  Drone x5  
  119  6:38  Overseer  
  126  6:44  Zerg Flyer Weapons Level 1  
  126  6:48  Roach x2  
  126  6:50  Unknown  
  130  6:55  Overlord  
  130  6:56  Roach  
  130  6:57  Roach x5  
  130  7:01  Overlord  
  142  7:04  Roach  
  142  7:05  Roach  
  142  7:06  Overlord x3  
  146  7:17  Roach x4  
  146  7:20  Overlord x2  
  146  7:21  Roach  
  146  7:22  Roach x2  
  160  7:26  Glial Reconstitution  
  160  7:28  Roach x2  
  164  7:32  Roach x4  
  164  7:34  Ravager  
  173  7:39  Overlord  
  173  7:41  Roach x3  
  173  7:42  Roach x2  
  169  7:52  Roach x6  
  169  7:57  Roach  
  155  8:00  Roach  
  155  8:01  Roach x3  
  161  8:06  Queen  
  161  8:07  Roach x3  
  161  8:09  Ravager  
  161  8:12  Roach x3  
  176  8:15  Roach x2  
  176  8:18  Roach  
  182  8:20  Roach x2  
  182  8:22  Roach  
  182  8:25  Roach x2  
  192  8:33  Roach x5  
  200  8:41  Zerg Missile Weapons Level 2  
  182  8:59  Roach x7  
  182  9:01  Roach x5  
  182  9:02  Roach  
  175  9:05  Roach  
  175  9:06  Roach  
  159  9:12  Roach x2  
  159  9:15  Roach  
  159  9:16  Roach x2  
  145  9:19  Roach  
  145  9:20  Roach  
  145  9:22  Roach  
  145  9:23  Roach  
  142  9:28  Roach x6  
  142  9:30  Ravager  
  155  9:35  Roach x2  
  155  9:36  Overseer  
  159  9:38  Roach  
  159  9:39  Roach  
  159  9:44  Roach x3  
  169  9:46  Overlord  
  169  9:47  Hatchery  
  169  9:50  Extractor  
  169  9:51  Drone  
  169  9:52  Drone x2  
  168  9:56  Roach x7  
  182  10:06  Roach x5  
  192  10:10  Pneumatized Carapace  
  190  10:21  Roach x6  
  180  10:26  Roach  
  180  10:27  Roach x6  
  147  10:35  Extractor  
  147  10:36  Roach x6  
  147  10:39  Roach  
  147  10:40  Overseer  
  156  10:45  Roach x2  
  156  10:49  Ravager  
  161  10:55  Ravager  
Show
View Real Time Build Order
Export as new Build Order

Solar Zerg - Winner!

Build Orders: Hatch First, Lurkers 

Get SALT Encoding   

  12  0:00  Drone  
  13  0:12  Overlord  
  13  0:16  Drone  
  14  0:30  Drone  
  14  0:31  Drone  
  16  0:36  Drone  
  17  0:52  Hatchery  
  17  0:55  Drone  
  17  1:08  Spawning Pool  
  16  1:12  Drone  
  16  1:14  Drone  
  18  1:19  Drone  
  19  1:38  Hatchery  
  18  1:44  Drone  
  18  1:45  Drone  
  20  1:55  Queen  
  22  2:03  Queen  
  22  2:08  Drone  
  25  2:10  Overlord  
  25  2:14  Zergling x2  
  26  2:16  Zergling x2  
  26  2:18  Drone  
  28  2:31  Drone x2  
  28  2:35  Drone  
  28  2:36  Drone  
  32  2:39  Queen  
  34  2:46  Drone  
  34  2:51  Queen  
  35  2:52  Overlord  
  35  2:53  Drone  
  35  2:55  Drone  
  35  2:57  Drone  
  39  3:01  Drone  
  40  3:05  Spine Crawler  
  40  3:07  Drone x2  
  40  3:09  Drone  
  40  3:12  Drone x2  
  43  3:16  Extractor  
  43  3:18  Extractor  
  43  3:19  Overlord  
  41  3:28  Roach Warren, Evolution Chamber  
  41  3:29  Drone  
  41  3:30  Drone  
  41  3:32  Drone  
  42  3:34  Drone  
  42  3:36  Drone  
  42  3:40  Evolution Chamber  
  43  3:43  Drone x2  
  43  3:44  Drone  
  43  3:45  Drone  
  43  3:48  Drone x2  
  48  3:53  Overlord  
  48  3:54  Drone  
  50  3:56  Drone  
  50  3:57  Drone  
  50  4:00  Drone  
  50  4:01  Drone  
  54  4:03  Drone  
  54  4:05  Drone  
  54  4:07  Drone  
  57  4:11  Lair  
  57  4:13  Drone  
  57  4:14  Extractor  
  57  4:16  Overlord  
  57  4:19  Drone x2  
  57  4:23  Drone x3  
  62  4:25  Drone  
  62  4:26  Extractor  
  62  4:27  Drone x2  
  62  4:29  Drone  
  65  4:33  Zerg Missile Weapons Level 1  
  65  4:34  Drone  
  65  4:35  Drone x2  
  65  4:37  Extractor  
  67  4:39  Overlord  
  67  4:42  Roach  
  69  4:46  Roach x2  
  69  4:48  Drone  
  69  4:50  Overlord  
  74  4:59  Drone x2  
  76  5:00  Roach x3  
  76  5:02  Overlord  
  76  5:03  Overlord  
  82  5:10  Overseer, Glial Reconstitution  
  82  5:12  Drone, Roach x2  
  82  5:13  Roach  
  89  5:17  Drone, Overlord  
  89  5:18  Extractor  
  89  5:20  Overlord  
  89  5:23  Roach x3  
  89  5:27  Overlord  
  89  5:28  Drone  
  96  5:31  Hydralisk Den  
  92  5:43  Drone x3  
  92  5:47  Drone x3  
  98  5:50  Overlord  
  98  5:58  Drone  
  98  6:00  Roach x3  
  98  6:01  Roach x6  
  98  6:03  Muscular Augments  
  117  6:11  Overlord  
  117  6:13  Hatchery  
  117  6:18  Drone  
  117  6:19  Hydralisk x4  
  117  6:20  Hydralisk  
  117  6:25  Hydralisk x2  
  127  6:26  Hydralisk  
  127  6:30  Drone, Spore Crawler  
  127  6:31  Overseer  
  133  6:33  Spore Crawler  
  133  6:36  Hydralisk x2  
  133  6:39  Overlord  
  136  6:41  Overlord  
  136  6:46  Hydralisk x2  
  140  6:51  Overlord, Hydralisk  
  140  6:53  Overlord  
  142  6:55  Overlord  
  142  6:57  Overlord  
  142  7:05  Hydralisk x3  
  142  7:06  Roach x2  
  150  7:13  Roach x4  
  158  7:16  Lurker Den  
  158  7:18  Spore Crawler  
  158  7:19  Drone  
  158  7:23  Hydralisk x2  
  158  7:30  Zerg Missile Weapons Level 2  
  158  7:32  Roach x3  
  158  7:34  Roach  
  166  7:37  Roach x2  
  166  7:43  Roach x3  
  176  7:46  Roach x2  
  176  7:47  Roach  
  176  7:50  Roach x2  
  168  7:52  Roach  
  168  7:53  Roach  
  168  7:55  Roach  
  168  7:57  Roach  
  150  7:59  Roach  
  150  8:01  Roach  
  150  8:03  Roach  
  150  8:04  Roach  
  152  8:09  Roach x2  
  152  8:10  Roach  
  158  8:14  Hydralisk  
  158  8:17  Queen  
  162  8:22  Overlord  
  162  8:24  Extractor, Roach x2  
  162  8:25  Roach  
  165  8:28  Drone  
  165  8:30  Drone  
  165  8:32  Overlord  
  165  8:38  Overlord  
  165  8:42  Queen  
  165  8:44  Lurker x2  
  165  8:45  Lurker  
  168  8:50  Drone x2  
  168  8:52  Roach  
  168  8:53  Roach x6  
  168  8:54  Roach  
  171  8:56  Roach  
  171  8:57  Roach  
  171  8:58  Roach  
  171  9:00  Roach  
  157  9:03  Roach x2  
  157  9:05  Roach  
  157  9:08  Roach  
  138  9:10  Roach  
  138  9:13  Roach x2  
  138  9:16  Roach  
  138  9:17  Roach  
  127  9:19  Roach  
  127  9:20  Lurker  
  127  9:22  Roach  
  124  9:28  Ravager, Hydralisk x2  
  129  9:32  Hydralisk x2  
  129  9:35  Hydralisk  
  135  9:40  Hydralisk x2  
  135  9:44  Hydralisk  
  141  9:47  Hydralisk  
  141  9:50  Ravager  
  141  9:51  Ravager  
  141  9:52  Hydralisk x2  
  147  9:56  Lurker  
  147  9:59  Drone x5  
  155  10:01  Lurker  
  155  10:03  Drone  
  155  10:06  Hydralisk x2  
  157  10:13  Roach x3  
  167  10:14  Roach  
  167  10:17  Roach  
  167  10:20  Roach  
  160  10:25  Roach  
  160  10:27  Roach  
  154  10:30  Roach  
  154  10:32  Roach  
  154  10:34  Roach  
  160  10:37  Roach  
  160  10:40  Roach x2  
  166  10:44  Ravager  
  166  10:45  Roach x2  
  166  10:47  Lurker  
  166  10:48  Roach  
  174  10:53  Roach  
  174  10:54  Roach x2  
Tags
 
Add a new tag
Caveats
  • Supply blocks, unpowered buildings, or Contaminate may cause inaccurate times.
  • Supply counts are checked every 10 seconds.